 Dungeon Crawl Stone Soup version 0.31-a0-851-g7ff8af7976 (webtiles) character file.

Game seed: 2262034663042111817

720 Hubris850 the Insei (level 7, -12/57 HPs)
             Began as a Green Draconian Venom Mage on Oct 6, 2023.
             Mangled by an orc warrior
             ... wielding a +0 war axe
              (15 damage)
             ... on level 5 of the Dungeon.
             The game lasted 00:11:12 (3943 turns).

Hubris850 the Insei (Green Draconian Venom Mage)    Turns: 3943, Time: 00:11:13

Health: -12/57     AC:  6    Str: 10    XL:     7   Next: 42%
Magic:  10/10      EV: 12    Int: 18    God:
Gold:   241        SH:  4    Dex: 11    Spells: 9/10 levels left

rFire   . . .        q - +2 dagger (speed)
rCold   . . .        b - +0 buckler
rNeg    . . .        (body armour unavailable)
rPois   +            (helmet restricted)
rElec   .            (no cloak)
rCorr   .            (no gloves)
SInv    +            (no boots)
Will    +....        (no amulet)
Stlth   ++           v - ring of see invisible
HPRegen 0.29/turn    (no ring)
MPRegen 0.12/turn

%: no passive effects
@: brilliant, enlightened, flying
A: breathe noxious fumes, AC +6, unfitting armour, poison resistance,
cold-blooded
a: Breathe Noxious Fumes


You were on level 5 of the Dungeon.
You visited 1 branch of the dungeon, and saw 5 of its levels.

You collected 241 gold pieces.

Inventory:

Hand Weapons
 c - a +2 flail of protection
 f - a +0 dagger
 l - a +0 short sword
 q - a +2 dagger of speed (weapon)
Missiles
 e - 4 javelins
 i - 2 boomerangs
 o - 5 atropa-tipped darts
 r - 5 poisoned darts
Armour
 b - a +0 buckler (worn)
Jewellery
 v - a ring of see invisible (left hand)
Talismans
 p - a blade talisman
Wands
 n - a wand of light (2)
Scrolls
 g - a scroll of immolation
Potions
 a - a potion of magic
 d - a potion of mutation
 j - a potion of enlightenment
 u - a potion of attraction {unknown}


   Skills:
 - Level 3.0 Fighting
 - Level 3.5 Dodging
 - Level 2.0 Stealth
 - Level 4.0 Shields
 + Level 4.1 Unarmed Combat
 - Level 2.0 Spellcasting
 - Level 1.0 Transmutations
 - Level 3.6 Poison Magic
 * Level 2.4 Shapeshifting


You had 9 spell levels left.
You knew the following spells:

 Your Spells              Type           Power      Damage    Failure   Level
a - Sting                 Tmut/Pois      60%        1d6       10%         1

Your spell library contained the following spells:

 Spells                   Type           Power      Damage    Failure   Level
 Poisonous Vapours        Pois/Air       24%        N/A       19%         2
 Mephitic Cloud           Conj/Pois/Air  9%         N/A       43%         3
 Olgreb's Toxic Radiance  Pois           22%        N/A       50%         4


Dungeon Overview and Level Annotations

Branches:
Dungeon (5/15)
 Temple: D:4-7

Altars:
Ashenzari
Fedhas
Gozag
Kikubaaqudgha
Qazlal
Vehumet


Innate Abilities, Weirdness & Mutations

You can breathe blasts of noxious fumes.
Your lurid green scales are hard. (AC +6)
You cannot fit into any form of body armour.
Your system is resistant to poisons. (rPois)
You are cold-blooded and may be slowed by cold attacks.


Message History

You closely miss the bullfrog. You tail-slap the bullfrog.
The bullfrog is almost dead.
You block the orc's attack. You block the bullfrog's attack.
You barely miss the bullfrog.
Your tail-slap misses the bullfrog.
The bullfrog is almost dead.
The bullfrog hits you.
* * * LOW HITPOINT WARNING * * *
The orc closely misses you.
You hit the bullfrog.
You kill the bullfrog!
Your Unarmed Combat skill increases to level 4!
Unknown command.
Aiming: Bolt of Light
Press: ? - help, Shift-Dir - straight line, f - orc warrior
Aim: an orc warrior, wielding a +0 arbalest and wearing a +0 chain mail (moderately wounded, blind, 68% to hit)
The bolt of light hits the orc warrior.
The orc warrior is heavily wounded.
The orc misses you.
The orc warrior unwields a +0 arbalest.
The orc warrior wields a +0 war axe.
The orc warrior barely misses you.
Aiming: Bolt of Light
Press: ? - help, Shift-Dir - straight line, f/p - orc warrior
Aim: an orc warrior, wielding a +0 war axe and wearing a +0 chain mail (heavily wounded, blind, 68% to hit)
The bolt of light misses the orc warrior.
The orc hits you with a +0 short sword.
* * * LOW HITPOINT WARNING * * *
The orc warrior hits you with a +0 war axe!
* * * LOW HITPOINT WARNING * * *
Okay, then.
Unknown command.
Okay, then.
Unknown command.
It was a potion of enlightenment.
You feel very buoyant.
You fly up into the air.
The orc hits you but does no damage. You block the orc warrior's attack.
It was a potion of brilliance.
You feel clever all of a sudden. The orc hits you but does no damage.
The orc warrior hits you with a +0 war axe!
You die...

#.###........##
#.......######
. #####.#.# #.
.# #.#.# ..#
.#. ##.#.## #..
#.. .###
#.....# #.# #
#.#.
<....###.....#
#...#...#
.............#
#.#.#.#.
########...o@.#
#.≈.#.≈
........#.).o.#
#.#.#.
§≈≈≈≈§≈o#.....#
#...#...#
..§≈§.o≈#.....#
#.#.#.#.#.
.≈...≈.≈#######
..#.≈.#..
.≈._.≈§§#
#.#.#.#.#.
.≈...§§§#
..#...#...#
..≈≈≈..§#
##..#.#.#.#.
≈≈≈≈§≈§.#
##..#...#..


You could see an orc warrior (blind) and an orc.

Vanquished Creatures
  Edmund (D:4)
  A centaur (D:4)
  A bullfrog (D:5)
  A scorpion (D:5)
  A howler monkey (D:4)
  3 hounds
  An orc priest (D:5)
  Natasha (twice) (D:4)
  6 adders
  4 gnolls
  A worm (D:3)
  3 dart slugs
  4 orcs
  7 bats
  5 endoplasms
  A giant cockroach (D:1)
  8 goblins
  8 hobgoblins
  3 quokkas
  12 ball pythons
  3 frilled lizards
  8 kobolds
  8 rats
92 creatures vanquished.

Vanquished Creatures (others)
  An orc wizard (D:5)
1 creature vanquished.

Grand Total: 93 creatures vanquished

Notes
Turn   | Place    | Note
-------+----------+-------------------------------------------
     0 | D:1      | Hubris850 the Draconian Venom Mage began the quest for the
                  | Orb.
     0 | D:1      | Reached XP level 1. HP: 14/14 MP: 3/3
   216 | D:1      | Reached XP level 2. HP: 22/22 MP: 0/5
   287 | D:1      | Reached skill level 1 in Fighting
   648 | D:1      | Reached skill level 1 in Shields
  1116 | D:1      | Reached XP level 3. HP: 28/28 MP: 4/6
  1855 | D:2      | Reached XP level 4. HP: 32/36 MP: 5/7
  1865 | D:2      | Reached skill level 1 in Unarmed Combat
  2137 | D:3      | Found a stormy altar of Qazlal.
  2148 | D:3      | Found an ancient bone altar of Kikubaaqudgha.
  2517 | D:3      | Reached XP level 5. HP: 33/42 MP: 2/8
  2981 | D:4      | Noticed Edmund
  3021 | D:4      | Killed Edmund
  3022 | D:4      | Reached XP level 6. HP: 6/51 MP: 9/9
  3285 | D:4      | Noticed Natasha
  3291 | D:4      | Killed Natasha
  3445 | D:4      | Noticed Natasha
  3461 | D:4      | Killed Natasha
  3520 | D:4      | Found a radiant altar of Vehumet.
  3635 | D:4      | Found a blossoming altar of Fedhas.
  3657 | D:4      | You fall into a shaft and drop 1 floor!
  3657 | D:5      | Entered Level 5 of the Dungeon
  3761 | D:5      | Your scales start taking on a lurid green colour.
  3761 | D:5      | Reached XP level 7. HP: 49/57 MP: 10/10
  3761 | D:5      | Gained mutation: Your system is resistant to poisons.
                  | (rPois) [Green Draconian growth]
  3765 | D:5      | Reached skill level 1 in Shapeshifting
  3804 | D:5      | Found a broken altar of Ashenzari.
  3909 | D:5      | Found an opulent altar of Gozag.
  3943 | D:5      | Mangled by an orc warrior

Illustrated notes

Levels and vault maps discovered:
D:1:      amcnicky_arrival_choice, layout_loops_corners,
          amcnicky_mini_rare_corridor_liquid
D:2:      layout_loops_ring, minmay_split_cup_small
D:3:      minmay_wonky_spiral, layout_basic, mainiacjoe_overflow_tiny_flanked,
          nicolae_qazlal_general_emergency, minivault_26, cheibrodos_gnoll_hut
D:4:      layout_basic, kennysheep_mini_moat, lightli_temple_of_fire,
          tgw_fedhas, hangedman_glass_teeth, minmay_cupped, uniq_natasha,
          uniq_edmund
D:5:      layout_loops_ring, nicolae_overflow_crystal_walls,
          mainiacjoe_overflow_paths, cheibrodos_sewer_entry_bend,
          serial_demonic, serial_demonic_a, serial_demonic_c, serial_demonic_g,
          serial_demonic_d, roderic_lattice_a, kennysheep_cluttered_room,
          uniq_blork_the_orc

Skill      XL: |  1  2  3  4  5  6  7 |
---------------+----------------------+-----
Dodging        | 2 3 |  3.5
Stealth        | 2 |  2.0
Fighting       | 1 2 3 |  3.0
Shields        | 1 2 3 4 |  4.0
Unarmed Combat | 1 2 3 4 |  4.1
Shapeshifting  | 2 |  2.4
Spellcasting   | |  2.0
Transmutations | |  1.0
Poison Magic   | |  3.6

Action                     |  1- 3 |  4- 6 |  7- 9 || total
---------------------------+-------+-------+-------++-------
  Melee: Unarmed           |     7 |       |       ||     7
         Tailslap          |    12 |    28 |     4 ||    44
         Dagger            |    73 |   196 |    28 ||   297
         Short sword       |    42 |       |       ||    42
  Throw: Javelin           |       |     4 |       ||     4
   Cast: Sting             |    28 |    19 |     5 ||    52
Ability: Breathe Noxious F |       |       |     1 ||     1
  Evoke: Wand              |       |     4 |     3 ||     7
    Use: Scroll            |       |     9 |       ||     9
         Potion            |       |       |     2 ||     2
   Stab: Sleeping          |    10 |     4 |     1 ||    15
         Invisible         |       |     2 |       ||     2
 Armour: Skin              |    51 |    96 |    25 ||   172
  Dodge: Dodged            |    73 |    83 |    13 ||   169
  Block: Buckler           |    19 |    29 |    12 ||    60

Table legend: (Time is in decaauts)
 A = Elapsed time spent in this place.
 B = Non-inter-level travel time spent in this place.
 C = Inter-level travel time spent in this place.
 D = Time resting spent in this place.
 E = Time spent auto-exploring this place.
 F = Levels seen in this place.
 G = Mean time per level.
                   A        B        C        D        E       F      G
               +--------+--------+--------+--------+--------+-----+--------+
         Total |   3881 |   3800 |     81 |    437 |   2530 |   5 |  776.2 |
       Dungeon |   3881 |   3800 |     81 |    437 |   2530 |   5 |  776.2 |
               +--------+--------+--------+--------+--------+-----+--------+

Top non-repeatable levels by time:
     D:1: 1182 daAuts
     D:3: 892 daAuts
     D:2: 877 daAuts
     D:4: 652 daAuts
     D:5: 276 daAuts
